 Dungeon Crawl Stone Soup version 0.31-a0-675-g238779eb0a (webtiles) character file.

Game seed: 9446392063251444888

68 qw the Shooter (level 4, -3/28 HPs)
             Began as a Gargoyle Hunter on Sept 5, 2023.
             Slain by a black bear (7 damage)
             ... on level 4 of the Dungeon.
             The game lasted 00:00:24 (977 turns).

qw the Shooter (Gargoyle Hunter)                     Turns: 977, Time: 00:00:24

Health: -3/28      AC:  6    Str: 15    XL:     4   Next: 19%
Magic:  4/4        EV: 11    Int:  9    God:
Gold:   67         SH:  0    Dex: 15    Spells: 3/3 levels left

rFire   . . .        Y - +1 shortbow
rCold   . . .        (shield currently unavailable)
rNeg    + . .        c - +0 leather armour
rPois   inf          (no helmet)
rElec   +            (no cloak)
rCorr   .            (no gloves)
SInv    .            (no boots)
Will    .....        (no amulet)
Stlth   ++           (no ring)
HPRegen 0.24/turn    (no ring)
MPRegen 0.09/turn

%: no passive effects
@: no status effects
A: sickness immunity, AC +3, negative energy resistance 1, electricity
resistance, torment resistance 1, petrification resistance
a: no special abilities


You were on level 4 of the Dungeon.
You visited 1 branch of the dungeon, and saw 3 of its levels.

You collected 67 gold pieces.


Innate Abilities, Weirdness & Mutations

You are immune to sickness and miasma.
Your stone body is resilient. (AC +3)
You are immune to poison.
You resist negative energy. (rN+)
You are resistant to electric shocks. (rElec)
You are resistant to unholy torment.
You are immune to petrification.


   Skills:
 - Level 3.4 Fighting
 + Level 5.0 Ranged Weapons
 - Level 1.5 Dodging
 - Level 1.1 Stealth


You had 3 spell levels left.
You didn't know any spells.
Your spell library was empty.

Inventory:

Hand Weapons
 Y - a +1 shortbow (weapon)
Armour
 c - a +0 leather armour (worn)
Scrolls
 a - a scroll of fear {unknown}
Potions
 b - a potion of curing {unknown}
 d - a potion of heal wounds {unknown}

Dungeon Overview and Level Annotations

Branches:
Dungeon (2/15)

Altars:
Makhleb

Shops:
D:1 ((


Message History

Your Fighting skill increases to level 3!
You have reached level 4!
You feel stronger.
You shoot an arrow. The arrow hits the dart slug.
The dart slug is heavily wounded.
You shoot an arrow. The arrow barely misses the dart slug.
The dart slug launches a dart at you. The slug dart hits you.
You shoot an arrow. The arrow hits the dart slug!
You kill the dart slug!
A black bear comes into view.
You shoot an arrow. The arrow hits the black bear.
The black bear is lightly wounded.
An orc priest comes into view. It is wielding a +0 club.
967 |||
Found retreat position at 2,1 (floor) with 0 blocking monsters and 1 monsters attacking at destination at distance 2 x2
967 ||| RETREATING.
You start resting.
A black bear is nearby!
You shoot an arrow. The arrow hits the black bear.
The black bear is lightly wounded.
The black bear barely misses you. The black bear claws you.
The black bear claws you but does no damage.
You shoot an arrow. The arrow barely misses the black bear.
An orc comes into view. It is wielding a +0 mace.
The black bear closely misses you.
The black bear claws you but does no damage.
The black bear barely misses you.
You shoot an arrow. The orc shouts!
The arrow hits the black bear.
The black bear is moderately wounded.
You hear an angry hiss.
An orc priest comes into view. It is wielding a +0 club.
The black bear bites you but does no damage.
The black bear claws you. x2
976 |||
Found retreat position at 1,0 (floor) with 0 blocking monsters and 1 monsters attacking at destination at distance 1
976 ||| Stepping ~*~*~tactically~*~*~ (retreating).
You shoot an arrow. The arrow barely misses the black bear.
The black bear bites you. The black bear barely misses you.
The black bear claws you. The black bear bites you!
You die...

#....##...
#.......h. .
#.........# oo
#.........# ...
#.%.......#
...o##.........
........).....#
#.).####.#
###.h@.#.#
####...#
###.#####
#.....# #.###.#
#.###.##
#......#
#####.<#######
#.........


You could see a black bear and an orc.

Vanquished Creatures
  An orc priest (D:4)
  A shadow imp (D:4)
  A dart slug (D:4)
  3 endoplasms
  2 giant cockroaches (D:1)
  6 goblins
  2 hobgoblins (D:1)
  3 quokkas
  2 ball pythons (D:1)
  A bat (D:1)
  3 frilled lizards (D:1)
  2 kobolds (D:1)
  2 rats (D:1)
29 creatures vanquished.

Notes
Turn   | Place    | Note
-------+----------+-------------------------------------------
     0 | D:1      | qw the Gargoyle Hunter began the quest for the Orb.
     0 | D:1      | Reached XP level 1. HP: 12/12 MP: 1/1
     0 | D:1      | 0 ||| qw: Version: 0.3-a-75-g829b12e
     0 | D:1      | 0 ||| qw: Game counter: 57
     0 | D:1      | 0 ||| qw: Melee chars always use a shield: true
     0 | D:1      | 0 ||| qw: God list: Okawaru
     0 | D:1      | 0 ||| qw: Allow faded altars: false
     0 | D:1      | 0 ||| qw: Do Orc after clearing Dungeon:15 true
     0 | D:1      | 0 ||| qw: Do second Lair branch before Depths: true
     0 | D:1      | 0 ||| qw: Lair rune preference: random
     0 | D:1      | 0 ||| qw: Goals: Normal
     0 | D:1      | 0 ||| PLANNING D:1-11
   135 | D:1      | Reached XP level 2. HP: 17/17 MP: 2/2
   167 | D:1      | Found Ihoasyff's Weapon Shoppe.
   167 | D:1      | Noticed a +0 rapier
   170 | D:1      | Noticed a +0 bardiche
   177 | D:1      | 177 ||| READING scroll labelled LEXISU AB EDWU.
   178 | D:1      | 178 ||| READING scroll labelled ZOMYPL OTAE.
   179 | D:1      | 179 ||| DRINKING 2 yellow potions.
   181 | D:1      | 181 ||| DROPPING scroll of butterflies.
   182 | D:1      | 182 ||| DROPPING potion of attraction.
   184 | D:1      | Found Sileh's Weapon Shop.
   714 | D:1      | Reached XP level 3. HP: 21/21 MP: 3/3
   724 | D:1      | 724 ||| READING scroll labelled IPLIXY GILO.
   728 | D:1      | 728 ||| READING scroll labelled QEFEJI XYDA.
   866 | D:2      | Reached skill level 5 in Ranged Weapons
   869 | D:2      | You fall into a shaft and drop 2 floors!
   869 | D:4      | Found a burning altar of Makhleb.
   963 | D:4      | Reached skill level 3 in Fighting
   963 | D:4      | Reached XP level 4. HP: 11/28 MP: 4/4
   965 | D:4      | Noticed a black bear
   967 | D:4      | 967 ||| RETREATING.
   976 | D:4      | 976 ||| Stepping ~*~*~tactically~*~*~ (retreating).
   977 | D:4      | HP: 5/28 [black bear (4)]
   977 | D:4      | Slain by a black bear

Levels and vault maps discovered:
D:1:      lightli_arrival_windingriver, layout_loops_ring, serial_shops,
          nicolae_shop_mannequins, nicolae_shop_bloodbath_and_beyond,
          nrook_mini_backslash, minmay_unequal
D:2:      cheibrodos_fertilizer, layout_loops_ring
D:4:      layout_basic, mainiacjoe_overflow_catwalk, marbit_many_paths,
          bloody_makhleb, nicolae_sif_muna_condensation,
          nicolae_gozag_seed_capital

Skill      XL: |  1  2  3 |
---------------+----------+-----
Ranged Weapons | 5 |  5.0
Fighting       | 3 |  3.4
Dodging        | |  1.5
Stealth        | |  1.1

Action                     |  1- 3 |  4- 6 || total
---------------------------+-------+-------++-------
   Fire: Shortbow          |    82 |     8 ||    90
    Use: Scroll            |     4 |       ||     4
         Potion            |     1 |       ||     1
 Armour: Leather armour    |    29 |    10 ||    39
  Dodge: Dodged            |    13 |     4 ||    17

Table legend:
 A = Non-vault XP
 B = Vault XP
 C = Vault XP percentage of total XP
 D = Non-vault monster count
 E = Vault monster count
 F = Vault count percentage of total count
                 A         B        C        D         E       F
            +---------+---------+-------+---------+---------+-------
      Total |      94 |       4 |   4.1 |      26 |       3 |  10.3
            +---------+---------+-------+---------+---------+-------
        D:1 |      30 |       4 |  11.8 |      19 |       3 |  13.6
        D:2 |       6 |       0 |   0.0 |       3 |       0 |   0.0
        D:4 |      58 |       0 |   0.0 |       4 |       0 |   0.0
            +---------+---------+-------+---------+---------+-------
